Senators vs Checkers

Created - Tuesday, January 19, 2016 at 12:07

Goals
1 2 3 T
Senators 0 0 1 1
Checkers 1 0 1 2
Shots
1 2 3 T
Senators 11 4 4 19
Checkers 4 9 15 28

1st period

1. Checkers , Adam Cracknell 13 (Jason Chimera, Michael Bournival) at 15:39

Penalties :
Brandon Mashinter (CHA) for Fighting (Major) at 1:51, Ryan Craig (BIN) for Fighting (Major) at 1:51, Michael Sdao (CHA) for Hooking (Minor) at 2:07

2nd period

No Goal

Penalties :
Brandon Mashinter (CHA) for Fighting (Major) at 5:14, Kenny Ryan (BIN) for Fighting (Major) at 5:14, Brandon Mashinter (CHA) for instigated a fight (Minor) at 5:14, Brandon Mashinter (CHA) for instigated a fight (10 Minutes Misconduct) at 5:14, Jesse Blacker (BIN) for High sticking (Minor) at 10:54, Josh Leivo (BIN) for Holding (Minor) at 0:00

3rd period

2. Checkers , Michael Bournival 14 (Peter Harrold, Petteri Lindbohm) at 0:32 (PP)
3. Senators , Emerson Etem 7 (Philip McRae) at 4:48

Penalties :
Aaron Ness (CHA) for Holding (Minor) at 2:25

Goalie Stats

Jean-Francois Berube (BIN), 26 saves from 28 shots - (0.929), L, 16-15-13, 59:32 minutes
Drew MacIntyre (CHA), 18 saves from 19 shots - (0.947), W, 30-4-11, 60:00 minutes

Players Stats for Senators

Player Name              G  A  P  +/- PIM S  H  SB GA TA FO     MP     PP MP  PK MP  
------------------------------------------------------------------------------------
Cody Hodgson             0  0  0  -1  0   1  1  0  2  0  1/4     6:29   0:00   0:00 
Colin Greening           0  0  0  -1  0   2  5  1  6  0  1/2    21:06   3:29   1:16 
Colton Orr               0  0  0   1  0   0  1  0  1  1  0/1    17:29   1:56   0:00 
Connor Brown             0  0  0   0  0   0  0  0  0  0  0/0     0:00   0:00   0:00 
Emerson Etem             1  0  1   1  0   1  1  0  5  1  0/0    14:55   0:00   0:00 
Evan Trupp               0  0  0   0  0   3  0  0  2  0  6/11   20:14   2:28   0:22 
FARM PLAYER2             0  0  0   0  0   0  1  0  0  0  1/1    17:58   0:17   1:20 
FARM PLAYER47            0  0  0   1  0   0  1  0  0  0  0/0    17:10   0:00   2:28 
Greg Nemisz              0  0  0   0  0   2  5  0  0  0  1/1    16:09   3:29   0:00 
Griffin Reinhart         0  0  0  -1  0   0  0  2  1  4  0/0    21:35   3:36   0:00 
Jesse Blacker            0  0  0  -1  2   1  1  5  0  0  0/0    26:07   3:36   0:33 
Josh Leivo               0  0  0   0  2   2  0  0  3  1  0/0    21:25   2:28   1:06 
Kenny Ryan               0  0  0   0  5   3  3  0  0  1  0/0    17:39   1:32   0:00 
Matt Finn                0  0  0   0  0   1  3  1  0  0  0/0    23:11   2:21   1:15 
Mike Brown               0  0  0   0  0   0  1  0  0  1  0/0     1:41   0:00   0:00 
Philip McRae             0  1  1   1  0   3  2  0  3  2  4/9    16:11   0:00   0:18 
Ryan Craig               0  0  0   0  5   0  1  0  1  2  10/14  19:40   2:12   1:26 
Tom Nilsson              0  0  0   0  0   0  3  1  0  1  0/0    18:26   2:21   0:04 

Players Stats for Checkers

Player Name              G  A  P  +/- PIM S  H  SB GA TA FO     MP     PP MP  PK MP  
------------------------------------------------------------------------------------
Aaron Ness               0  0  0  -1  2   2  0  2  0  0  0/0    19:19   1:07   0:00 
Adam Cracknell           1  0  1   0  0   5  1  1  1  0  0/0    18:40   1:25   1:38 
Andrew Gordon            0  0  0   0  0   2  1  0  1  1  0/0    14:32   1:07   0:00 
Blake Parlett            0  0  0  -1  0   1  2  1  0  0  0/0    19:10   1:07   0:00 
Brandon Mashinter        0  0  0   0  22  0  0  0  1  0  0/0     9:56   0:00   1:16 
Jason Chimera            0  1  1   0  0   4  2  0  3  1  0/0    16:34   1:25   0:00 
Jim O'Brien              0  0  0   0  0   2  0  2  5  0  6/11   15:48   0:00   3:03 
Julien Brouillette       0  0  0   1  0   1  0  0  1  3  0/0    18:30   0:00   2:08 
Mark Zengerle            0  0  0   0  0   0  2  0  0  1  3/8    14:12   0:00   2:54 
Michael Bournival        1  1  2   0  0   3  1  0  5  2  4/10   16:48   1:25   0:00 
Michael Latta            0  0  0   0  0   2  2  0  4  0  5/11   14:58   1:07   0:00 
Michael Sdao             0  0  0   1  2   0  1  1  0  0  0/0    17:22   0:00   1:01 
Peter Harrold            0  1  1   0  0   2  0  1  1  3  0/0    22:54   1:25   4:23 
Petteri Lindbohm         0  1  1   0  0   1  1  1  0  0  0/0    23:05   1:25   4:22 
Sean Backman             0  0  0   0  0   1  1  0  2  0  0/1    12:23   0:00   0:00 
Tomas Vincour            0  0  0   0  0   2  2  1  1  0  0/0    14:17   1:07   0:00 
Wacey Hamilton           0  0  0   0  0   0  1  0  2  0  1/2    11:03   0:00   0:00 
Willie Coetzee           0  0  0   0  0   0  1  0  0  0  0/0    14:28   0:00   3:03 

3 Stars

1 - Michael Bournival (CHA)
2 - Drew MacIntyre (CHA)
3 - Emerson Etem (BIN)

Power Play

Senators - 0 on 3 Attempt(s) - 0.00%
Checkers - 1 on 2 Attempt(s) - 50.00%

Penalty Kill

Senators - 1 on 2 Attempt(s) - 50.00% - Score 0 goal in Penalty Kill
Checkers - 3 on 3 Attempt(s) - 100.00% - Score 0 goal in Penalty Kill

Team Stat

Senators - Hits : 29 - Faceoff Wins : 24 - Blocked Shots : 10 - Penalty Minutes : 14
Checkers - Hits : 18 - Faceoff Wins : 19 - Blocked Shots : 10 - Penalty Minutes : 26

Official

Referees : Unknown
Linesman : Unknown

Game Notes

Brandon Mashinter beats up Ryan Craig at 1:51 of 1st period
Brandon Mashinter beats up Kenny Ryan at 5:14 of 2nd period
0:32 of 3rd period - Checkers goal is going for a video replay. After video review, Goal.

Finance

Level 1 -- Attendance: 1619 (80.95%) -- Ticket Income $51,808
Level 2 -- Attendance: 761 (76.10%) -- Ticket Income $9,132
Total Attendance: 2380 (79.33%)
Total Ticket Income: $60,940
Other Income: $29,861
Total Income: $90,801

Senators

5 vs 5 Forward 
   Center                   Left Wing                Right Wing               Time % Phy DF OF 
 1 Ryan Craig               Colin Greening           Greg Nemisz              35     1   2  2  
 2 Evan Trupp               Josh Leivo               Kenny Ryan               30     1   2  2  
 3 Philip McRae             Emerson Etem             Colton Orr               22     1   2  2  
 4 Cody Hodgson             Ryan Craig               Colin Greening           13     1   2  2  

5 vs 5 Defense 
   Defense                  Defense                                           Time % Phy DF OF 
 1 Griffin Reinhart         Jesse Blacker                                     35     1   2  2  
 2 Matt Finn                Tom Nilsson                                       30     1   2  2  
 3 FARM PLAYER2             FARM PLAYER47                                     22     1   2  2  
 4 Matt Finn                Jesse Blacker                                     13     1   2  2  

PowerPlay Forward 
   Center                   Left Wing                Right Wing               Time % Phy DF OF 
 1 Ryan Craig               Colin Greening           Greg Nemisz              60     1   2  2  
 2 Evan Trupp               Josh Leivo               Kenny Ryan               40     1   2  2  

PowerPlay Defense
   Defense                  Defense                                           Time % Phy DF OF 
 1 Griffin Reinhart         Jesse Blacker                                     60     1   2  2  
 2 Matt Finn                Tom Nilsson                                       40     1   2  2  

Penalty Kill 4 Players Forward 
   Center                   Wing                     Time % Phy DF OF 
 1 Colin Greening           Ryan Craig               60     1   2  2  
 2 Greg Nemisz              Josh Leivo               40     1   2  2  

Penalty Kill 4 Players Defense
   Defense                  Defense                  Time % Phy DF OF 
 1 FARM PLAYER47            Jesse Blacker            60     1   2  2  
 2 Matt Finn                Tom Nilsson              40     1   2  2  

Penalty Kill - 3 Players Forward 
   Forward                                           Time % Phy DF OF 
 1 Colin Greening                                    60     1   2  2  
 2 Ryan Craig                                        40     1   2  2  

Penalty Kill - 3 Players Defense
   Defense                  Defense                  Time % Phy DF OF 
 1 Griffin Reinhart         Jesse Blacker            60     1   2  2  
 2 Matt Finn                Tom Nilsson              40     1   2  2  

4 vs 4 Forward 
   Center                   Wing                     Time % Phy DF OF 
 1 Colin Greening           Ryan Craig               60     1   2  2  
 2 Greg Nemisz              Josh Leivo               40     1   2  2  

4 vs 4 Defense
   Defense                  Defense                  Time % Phy DF OF 
 1 FARM PLAYER2             Jesse Blacker            60     1   2  2  
 2 Matt Finn                Tom Nilsson              40     1   2  2  

Last Minutes Offensive
   Center                   Left Wing                Right Wing               Defense                  Defense                  
   Ryan Craig               Colin Greening           Greg Nemisz              Griffin Reinhart         Jesse Blacker            

Last Minutes Defensive
   Center                   Left Wing                Right Wing               Defense                  Defense                  
   Ryan Craig               Colin Greening           Greg Nemisz              Griffin Reinhart         Jesse Blacker            

Goaltenders
Starting : Jean-Francois Berube     
Backup : Cedrick Desjardins       

Extra Forwards
Normal : Colin Greening, Colton Orr, Philip McRae - PP : Ryan Craig, Colton Orr - PK : Philip McRae
Extra Defensemen
Normal : FARM PLAYER2, FARM PLAYER47, Matt Finn - PP : FARM PLAYER2 - PK : FARM PLAYER47, Matt Finn
Penalty Shots
Colin Greening, Ryan Craig, Greg Nemisz, Josh Leivo, Kenny Ryan

Checkers

5 vs 5 Forward 
   Center                   Left Wing                Right Wing               Time % Phy DF OF 
 1 Michael Bournival        Jason Chimera            Adam Cracknell           28     1   2  2  
 2 Michael Latta            Tomas Vincour            Andrew Gordon            27     1   2  2  
 3 Jim O'Brien              Brandon Mashinter        Sean Backman             25     1   2  2  
 4 Mark Zengerle            Willie Coetzee           Wacey Hamilton           20     1   2  2  

5 vs 5 Defense 
   Defense                  Defense                                           Time % Phy DF OF 
 1 Peter Harrold            Petteri Lindbohm                                  35     1   2  2  
 2 Aaron Ness               Blake Parlett                                     35     1   2  2  
 3 Julien Brouillette       Michael Sdao                                      30     1   2  2  
 4 Peter Harrold            Petteri Lindbohm                                  0      1   2  2  

PowerPlay Forward 
   Center                   Left Wing                Right Wing               Time % Phy DF OF 
 1 Michael Bournival        Jason Chimera            Adam Cracknell           50     0   1  4  
 2 Michael Latta            Tomas Vincour            Andrew Gordon            50     0   1  4  

PowerPlay Defense
   Defense                  Defense                                           Time % Phy DF OF 
 1 Peter Harrold            Petteri Lindbohm                                  50     0   1  4  
 2 Aaron Ness               Blake Parlett                                     50     0   1  4  

Penalty Kill 4 Players Forward 
   Center                   Wing                     Time % Phy DF OF 
 1 Mark Zengerle            Brandon Mashinter        50     0   4  1  
 2 Jim O'Brien              Willie Coetzee           50     0   4  1  

Penalty Kill 4 Players Defense
   Defense                  Defense                  Time % Phy DF OF 
 1 Julien Brouillette       Michael Sdao             50     0   4  1  
 2 Peter Harrold            Petteri Lindbohm         50     0   4  1  

Penalty Kill - 3 Players Forward 
   Forward                                           Time % Phy DF OF 
 1 Mark Zengerle                                     50     0   5  0  
 2 Jim O'Brien                                       50     0   5  0  

Penalty Kill - 3 Players Defense
   Defense                  Defense                  Time % Phy DF OF 
 1 Julien Brouillette       Michael Sdao             50     0   5  0  
 2 Peter Harrold            Petteri Lindbohm         50     0   5  0  

4 vs 4 Forward 
   Center                   Wing                     Time % Phy DF OF 
 1 Michael Bournival        Jason Chimera            50     1   2  2  
 2 Michael Latta            Andrew Gordon            50     1   2  2  

4 vs 4 Defense
   Defense                  Defense                  Time % Phy DF OF 
 1 Peter Harrold            Petteri Lindbohm         50     1   2  2  
 2 Aaron Ness               Blake Parlett            50     1   2  2  

Last Minutes Offensive
   Center                   Left Wing                Right Wing               Defense                  Defense                  
   Michael Bournival        Jason Chimera            Adam Cracknell           Peter Harrold            Petteri Lindbohm         

Last Minutes Defensive
   Center                   Left Wing                Right Wing               Defense                  Defense                  
   Michael Latta            Jason Chimera            Adam Cracknell           Peter Harrold            Petteri Lindbohm         

Goaltenders
Starting : Drew MacIntyre           
Backup : FARM GOALIE13            

Extra Forwards
Normal : Michael Bournival, Jason Chimera, Adam Cracknell - PP : Jason Chimera, Michael Bournival - PK : Adam Cracknell
Extra Defensemen
Normal : Peter Harrold, Petteri Lindbohm, Aaron Ness - PP : Peter Harrold - PK : Peter Harrold, Petteri Lindbohm
Penalty Shots
Sean Backman, Michael Latta, Jim O'Brien, Andrew Gordon, Brandon Mashinter

% Time on Ice - Senators

Lines # - Real PCT - Wanted PCT - Time Play
Normal Forward
1 - 24% - 35% - 12:25
2 - 33% - 30% - 17:01
3 - 29% - 22% - 14:55
4 - 13% - 13% - 6:29
Normal Defense
1 - 34% - 35% - 17:18
2 - 32% - 30% - 16:01
3 - 27% - 22% - 13:57
4 - 7% - 13% - 3:34
PP Forward
1 - 59% - 60% - 3:29
2 - 41% - 40% - 2:28
PP Defense
1 - 61% - 60% - 3:36
2 - 39% - 40% - 2:21
PK Forward
1 - 100% - 60% - 2:32
2 - 0% - 40% - 0:00
PK Defense
1 - 97% - 60% - 2:28
2 - 3% - 40% - 0:04
PK3 Forward
1 - 0% - 60%
2 - 0% - 40%
PK3 Defense
1 - 0% - 60%
2 - 0% - 40%
44 Forward
1 - 0% - 60%
2 - 0% - 40%
44 Defense
1 - 0% - 60%
2 - 0% - 40%
Last Minute Offensive  - 0:41
Last Minute Defensive  - 0:00
Total
Forward - 60:00
Defense - 60:00

% Time on Ice - Checkers

Lines # - Real PCT - Wanted PCT - Time Play
Normal Forward
1 - 27% - 28% - 13:52
2 - 27% - 27% - 13:32
3 - 24% - 25% - 12:23
4 - 22% - 20% - 11:03
Normal Defense
1 - 33% - 35% - 16:32
2 - 36% - 35% - 18:18
3 - 31% - 30% - 16:00
4 - 0% - 0% - 0:00
PP Forward
1 - 56% - 50% - 1:25
2 - 44% - 50% - 1:07
PP Defense
1 - 56% - 50% - 1:25
2 - 44% - 50% - 1:07
PK Forward
1 - 49% - 50% - 2:54
2 - 51% - 50% - 3:03
PK Defense
1 - 36% - 50% - 2:08
2 - 64% - 50% - 3:49
PK3 Forward
1 - 0% - 50%
2 - 0% - 50%
PK3 Defense
1 - 0% - 50%
2 - 0% - 50%
44 Forward
1 - 0% - 50%
2 - 0% - 50%
44 Defense
1 - 0% - 50%
2 - 0% - 50%
Last Minute Offensive  - 0:00
Last Minute Defensive  - 0:41
Total
Forward - 60:00
Defense - 60:00

Play by Play

1st period


0:01 of 1st period - Michael Bournival wins face-off versus Ryan Craig in neutral zone.
0:51 of 1st period - Jason Chimera is hit by Kenny Ryan and loses puck.
0:56 of 1st period - Snap shot by Josh Leivo.
0:56 of 1st period - Shot Misses the Net.
0:58 of 1st period - Wrist shot by Josh Leivo.
0:58 of 1st period - Stopped by Drew MacIntyre with a rebound.
1:13 of 1st period - Snap shot by Kenny Ryan.
1:13 of 1st period - Shot Blocked by Petteri Lindbohm.
1:15 of 1st period - Slapshot by Matt Finn.
1:15 of 1st period - Stopped by Drew MacIntyre with a rebound.
1:17 of 1st period - Slapshot by Tom Nilsson.
1:17 of 1st period - Shot Misses the Net.
1:48 of 1st period - Snap shot by Philip McRae.
1:48 of 1st period - Shot Blocked by Tomas Vincour.
1:50 of 1st period - Slapshot by Emerson Etem.
1:50 of 1st period - Deflect By Tomas Vincour.
1:50 of 1st period - Shot Misses the Net.
1:50 of 1st period - Puck is out of play.
1:51 of 1st period - Jim O'Brien wins face-off versus Cody Hodgson in Checkers zone.
1:51 of 1st period - Brandon Mashinter beats up Ryan Craig.
1:51 of 1st period - Penalty to Brandon Mashinter for Fighting.
1:51 of 1st period - Penalty to Ryan Craig for Fighting.
1:52 of 1st period - Cody Hodgson wins face-off versus Jim O'Brien in Checkers zone.
2:07 of 1st period - Minor Penalty to Michael Sdao for Hooking.
2:08 of 1st period - Mark Zengerle wins face-off versus Colton Orr in Checkers zone.
2:35 of 1st period - Snap shot by Colin Greening.
2:35 of 1st period - Shot Misses the Net.
2:37 of 1st period - Wrist shot by Griffin Reinhart.
2:37 of 1st period - Shot Blocked by Jim O'Brien.
2:39 of 1st period - Snap shot by Greg Nemisz.
2:39 of 1st period - Stopped by Drew MacIntyre with a rebound.
2:41 of 1st period - Slapshot by Jesse Blacker.
2:41 of 1st period - Deflect By Peter Harrold.
2:41 of 1st period - Stopped by Drew MacIntyre without a rebound.
2:42 of 1st period - Evan Trupp wins face-off versus Mark Zengerle in Checkers zone.
3:19 of 1st period - Peter Harrold is hit by Matt Finn and loses puck.
3:43 of 1st period - Julien Brouillette is hit by Tom Nilsson and loses puck.
4:07 of 1st period - Penalty to Michael Sdao is over, Michael Sdao is back on ice.
4:41 of 1st period - Snap shot by Andrew Gordon.
4:41 of 1st period - Stopped by Jean-Francois Berube without a rebound.
4:42 of 1st period - Jim O'Brien wins face-off versus Evan Trupp in Senators zone.
5:05 of 1st period - Wrist shot by Evan Trupp.
5:05 of 1st period - Shot Misses the Net.
5:07 of 1st period - Snap shot by Kenny Ryan.
5:07 of 1st period - Stopped by Drew MacIntyre with a rebound.
5:09 of 1st period - Snap shot by Evan Trupp.
5:09 of 1st period - Deflect By Michael Bournival.
5:09 of 1st period - Shot Misses the Net.
5:09 of 1st period - Puck is out of play.
5:10 of 1st period - Michael Latta wins face-off versus Cody Hodgson in Checkers zone.
6:25 of 1st period - Tom Nilsson is hit by Mark Zengerle and loses puck.
6:40 of 1st period - Matt Finn is hit by Jason Chimera and loses puck.
6:47 of 1st period - Snap shot by Michael Bournival.
6:47 of 1st period - Deflect By Jason Chimera.
6:47 of 1st period - Shot Misses the Net.
6:47 of 1st period - Puck is out of play.
6:48 of 1st period - Michael Bournival wins face-off versus Philip McRae in Senators zone.
6:49 of 1st period - Snap shot by Jason Chimera.
6:49 of 1st period - Shot Misses the Net.
7:14 of 1st period - Snap shot by Philip McRae.
7:14 of 1st period - Stopped by Drew MacIntyre with a rebound.
8:16 of 1st period - Michael Latta is hit by Colin Greening and loses puck.
8:23 of 1st period - Greg Nemisz is hit by Blake Parlett and loses puck.
8:44 of 1st period - Emerson Etem is hit by Michael Latta and loses puck.
9:05 of 1st period - Snap shot by Mark Zengerle.
9:05 of 1st period - Shot Misses the Net.
9:07 of 1st period - Slapshot by Willie Coetzee.
9:07 of 1st period - Shot Misses the Net.
9:25 of 1st period - Wrist shot by Evan Trupp.
9:25 of 1st period - Shot Misses the Net.
9:27 of 1st period - Wrist shot by Evan Trupp.
9:27 of 1st period - Shot Misses the Net.
9:29 of 1st period - Wrist shot by Evan Trupp.
9:29 of 1st period - Stopped by Drew MacIntyre without a rebound.
9:30 of 1st period - Evan Trupp wins face-off versus Sean Backman in Checkers zone.
9:49 of 1st period - Slapshot by Jim O'Brien.
9:49 of 1st period - Stopped by Jean-Francois Berube with a rebound.
9:55 of 1st period - Blake Parlett is hit by Colin Greening and loses puck.
11:05 of 1st period - Jesse Blacker is hit by Michael Latta and loses puck.
11:51 of 1st period - Julien Brouillette is hit by Kenny Ryan and loses puck.
12:14 of 1st period - Wrist shot by Ryan Craig.
12:14 of 1st period - Shot Misses the Net.
12:16 of 1st period - Backhand shot by Ryan Craig.
12:16 of 1st period - Shot Misses the Net.
12:59 of 1st period - Jim O'Brien is hit by Tom Nilsson and loses puck.
13:10 of 1st period - Brandon Mashinter is hit by Colin Greening and loses puck.
13:33 of 1st period - Slapshot by Evan Trupp.
13:33 of 1st period - Shot Misses the Net.
13:35 of 1st period - Snap shot by Josh Leivo.
13:35 of 1st period - Shot Misses the Net.
13:37 of 1st period - Slapshot by Tom Nilsson.
13:37 of 1st period - Shot Misses the Net.
13:39 of 1st period - Snap shot by Kenny Ryan.
13:39 of 1st period - Shot Misses the Net.
14:09 of 1st period - Wrist shot by Michael Bournival.
14:09 of 1st period - Deflect By Emerson Etem.
14:09 of 1st period - Shot Misses the Net.
14:09 of 1st period - Puck is out of play.
14:10 of 1st period - Ryan Craig wins face-off versus Wacey Hamilton in Senators zone.
14:15 of 1st period - Wrist shot by Josh Leivo.
14:15 of 1st period - Deflect By Peter Harrold.
14:15 of 1st period - Stopped by Drew MacIntyre without a rebound.
14:16 of 1st period - Greg Nemisz wins face-off versus Mark Zengerle in Checkers zone.
14:57 of 1st period - Snap shot by Evan Trupp.
14:57 of 1st period - Shot Misses the Net.
14:59 of 1st period - Backhand shot by Kenny Ryan.
14:59 of 1st period - Shot Misses the Net.
15:16 of 1st period - Icing by Cody Hodgson.
15:17 of 1st period - FARM PLAYER2 wins face-off versus Michael Bournival in Senators zone.
15:37 of 1st period - Wrist shot by Michael Bournival.
15:37 of 1st period - Shot Blocked by Jesse Blacker.
15:39 of 1st period - Snap shot by Jason Chimera.
15:39 of 1st period - Deflect By Adam Cracknell.
15:39 of 1st period - Goal by Adam Cracknell - Senators : 0 - Checkers : 1.
15:40 of 1st period - Philip McRae wins face-off versus Michael Latta in neutral zone.
15:53 of 1st period - Slapshot by Philip McRae.
15:53 of 1st period - Shot Blocked by Blake Parlett.
16:16 of 1st period - Off-side.
16:17 of 1st period - Jim O'Brien wins face-off versus Evan Trupp in neutral zone.
17:05 of 1st period - Adam Cracknell is hit by Greg Nemisz.
17:13 of 1st period - Slapshot by Jason Chimera.
17:13 of 1st period - Shot Blocked by Griffin Reinhart.
17:15 of 1st period - Wrist shot by Adam Cracknell.
17:15 of 1st period - Shot Misses the Net.
17:17 of 1st period - Snap shot by Peter Harrold.
17:17 of 1st period - Stopped by Jean-Francois Berube with a rebound.
17:19 of 1st period - Slapshot by Peter Harrold.
17:19 of 1st period - Deflect By Michael Bournival.
17:19 of 1st period - Shot Misses the Net.
17:19 of 1st period - Puck is out of play.
17:20 of 1st period - Wacey Hamilton wins face-off versus Philip McRae in Senators zone.
17:21 of 1st period - Slapshot by Petteri Lindbohm.
17:21 of 1st period - Shot Misses the Net.
17:47 of 1st period - Wrist shot by Philip McRae.
17:47 of 1st period - Stopped by Drew MacIntyre with a rebound.
17:49 of 1st period - Slapshot by Matt Finn.
17:49 of 1st period - Shot Misses the Net.
18:13 of 1st period - Colin Greening is hit by Tomas Vincour.
18:36 of 1st period - Kenny Ryan is hit by Andrew Gordon and loses puck.
19:12 of 1st period - Kenny Ryan is hit by Adam Cracknell and loses puck.
19:29 of 1st period - Josh Leivo is hit by Sean Backman and loses puck.
19:50 of 1st period - Snap shot by Colin Greening.
19:50 of 1st period - Stopped by Drew MacIntyre with a rebound.
19:52 of 1st period - Snap shot by Tom Nilsson.
19:52 of 1st period - Shot Misses the Net.
19:54 of 1st period - Slapshot by Colin Greening.
19:54 of 1st period - Stopped by Drew MacIntyre with a rebound.
Goals for this period are 0 for Senators vs 1 for Checkers.
Shots for this period are 11 for Senators vs 4 for Checkers.

2nd period


0:01 of 2nd period - Ryan Craig wins face-off versus Michael Latta in neutral zone.
0:54 of 2nd period - Snap shot by Adam Cracknell.
0:54 of 2nd period - Stopped by Jean-Francois Berube with a rebound.
0:56 of 2nd period - Wrist shot by Julien Brouillette.
0:56 of 2nd period - Deflect By Kenny Ryan.
0:56 of 2nd period - Stopped by Jean-Francois Berube with a rebound.
0:58 of 2nd period - Slapshot by Adam Cracknell.
0:58 of 2nd period - Stopped by Jean-Francois Berube with a rebound.
1:00 of 2nd period - Slapshot by Jason Chimera.
1:00 of 2nd period - Shot Misses the Net.
1:40 of 2nd period - Icing by Jim O'Brien.
1:41 of 2nd period - Jim O'Brien wins face-off versus Philip McRae in Checkers zone.
1:46 of 2nd period - Emerson Etem is hit by Michael Sdao and loses puck.
2:40 of 2nd period - Aaron Ness is hit by Greg Nemisz and loses puck.
2:45 of 2nd period - Wrist shot by Greg Nemisz.
2:45 of 2nd period - Shot Blocked by Aaron Ness.
2:47 of 2nd period - Snap shot by Ryan Craig.
2:47 of 2nd period - Shot Blocked by Aaron Ness.
3:39 of 2nd period - Icing by Mark Zengerle.
3:40 of 2nd period - Mark Zengerle wins face-off versus Cody Hodgson in Checkers zone.
4:03 of 2nd period - Andrew Gordon is hit by Philip McRae.
4:25 of 2nd period - Slapshot by Petteri Lindbohm.
4:25 of 2nd period - Shot Misses the Net.
4:27 of 2nd period - Slapshot by Andrew Gordon.
4:27 of 2nd period - Stopped by Jean-Francois Berube without a rebound.
4:28 of 2nd period - Michael Bournival wins face-off versus Evan Trupp in Senators zone.
5:01 of 2nd period - Wrist shot by Michael Bournival.
5:01 of 2nd period - Shot Misses the Net.
5:14 of 2nd period - Brandon Mashinter beats up Kenny Ryan.
5:14 of 2nd period - Penalty to Brandon Mashinter for Fighting.
5:14 of 2nd period - Penalty to Kenny Ryan for Fighting.
5:14 of 2nd period - Penalty to Brandon Mashinter for instigated a fight.
5:14 of 2nd period - Penalty to Brandon Mashinter for instigated a fight.
5:15 of 2nd period - Ryan Craig wins face-off versus Mark Zengerle in Senators zone.
6:18 of 2nd period - Snap shot by Josh Leivo.
6:18 of 2nd period - Shot Blocked by Jim O'Brien.
6:43 of 2nd period - Peter Harrold is hit by Colton Orr and loses puck.
7:12 of 2nd period - Adam Cracknell is hit by Greg Nemisz and loses puck.
7:14 of 2nd period - Penalty to Brandon Mashinter is over, Andrew Gordon is send on ice.
8:18 of 2nd period - Jason Chimera is hit by Tom Nilsson and loses puck.
8:27 of 2nd period - Colin Greening is hit by Blake Parlett and loses puck.
10:16 of 2nd period - Slapshot by Michael Latta.
10:16 of 2nd period - Shot Misses the Net.
10:18 of 2nd period - Slapshot by Aaron Ness.
10:18 of 2nd period - Shot Misses the Net.
10:20 of 2nd period - Wrist shot by Aaron Ness.
10:20 of 2nd period - Deflect By Emerson Etem.
10:20 of 2nd period - Stopped by Jean-Francois Berube with a rebound.
10:22 of 2nd period - Slapshot by Blake Parlett.
10:22 of 2nd period - Stopped by Jean-Francois Berube with a rebound.
10:24 of 2nd period - Slapshot by Michael Latta.
10:24 of 2nd period - Shot Misses the Net.
10:36 of 2nd period - Snap shot by Jason Chimera.
10:36 of 2nd period - Stopped by Jean-Francois Berube without a rebound.
10:37 of 2nd period - Ryan Craig wins face-off versus Michael Bournival in Senators zone.
10:37 of 2nd period - Ryan Craig is hit by Petteri Lindbohm.
10:43 of 2nd period - Off-side.
10:44 of 2nd period - Ryan Craig wins face-off versus Michael Bournival in neutral zone.
10:54 of 2nd period - Minor Penalty to Jesse Blacker for High sticking.
10:55 of 2nd period - Michael Latta wins face-off versus Colin Greening in Senators zone.
11:47 of 2nd period - Adam Cracknell is hit by Matt Finn and loses puck.
12:32 of 2nd period - Adam Cracknell is hit by FARM PLAYER2.
12:54 of 2nd period - Penalty to Jesse Blacker is over, Jesse Blacker is back on ice.
12:56 of 2nd period - Matt Finn is hit by Tomas Vincour and loses puck.
13:57 of 2nd period - Backhand shot by Aaron Ness.
13:57 of 2nd period - Deflect By Griffin Reinhart.
13:57 of 2nd period - Stopped by Jean-Francois Berube without a rebound.
13:58 of 2nd period - Evan Trupp wins face-off versus Mark Zengerle in Senators zone.
14:31 of 2nd period - Peter Harrold is hit by Mike Brown and loses puck.
14:44 of 2nd period - Michael Bournival is hit by Philip McRae and loses puck.
14:55 of 2nd period - Emerson Etem is hit by Michael Bournival and loses puck.
15:39 of 2nd period - Blake Parlett is hit by Emerson Etem and loses puck.
15:58 of 2nd period - Snap shot by Evan Trupp.
15:58 of 2nd period - Stopped by Drew MacIntyre with a rebound.
16:00 of 2nd period - Slapshot by Kenny Ryan.
16:00 of 2nd period - Stopped by Drew MacIntyre without a rebound.
16:01 of 2nd period - Evan Trupp wins face-off versus Michael Latta in Checkers zone.
16:16 of 2nd period - Snap shot by Michael Latta.
16:16 of 2nd period - Deflect By Kenny Ryan.
16:16 of 2nd period - Stopped by Jean-Francois Berube without a rebound.
16:17 of 2nd period - Ryan Craig wins face-off versus Michael Latta in Senators zone.
16:59 of 2nd period - Emerson Etem is hit by Jason Chimera and loses puck.
17:12 of 2nd period - Emerson Etem is hit by Wacey Hamilton and loses puck.
17:41 of 2nd period - Snap shot by Evan Trupp.
17:41 of 2nd period - Stopped by Drew MacIntyre with a rebound.
17:43 of 2nd period - Slapshot by Kenny Ryan.
17:43 of 2nd period - Stopped by Drew MacIntyre without a rebound.
17:44 of 2nd period - Evan Trupp wins face-off versus Jim O'Brien in Checkers zone.
18:05 of 2nd period - Andrew Gordon is hit by Colin Greening.
18:38 of 2nd period - Petteri Lindbohm is hit by FARM PLAYER47 and loses puck.
19:19 of 2nd period - Adam Cracknell is hit by Ryan Craig and loses puck.
Goals for this period are 0 for Senators vs 0 for Checkers.
Shots for this period are 4 for Senators vs 9 for Checkers.
0:00 of 3rd period - Minor Penalty to Josh Leivo for Holding.

3rd period


0:01 of 3rd period - Colin Greening wins face-off versus Michael Bournival in neutral zone.
0:14 of 3rd period - 10 Minutes Misconduct Penalty to Brandon Mashinter is over.
0:20 of 3rd period - Slapshot by Peter Harrold.
0:20 of 3rd period - Stopped by Jean-Francois Berube with a rebound.
0:22 of 3rd period - Snap shot by Jason Chimera.
0:22 of 3rd period - Shot Blocked by Jesse Blacker.
0:24 of 3rd period - Snap shot by Jason Chimera.
0:24 of 3rd period - Stopped by Jean-Francois Berube with a rebound.
0:26 of 3rd period - Slapshot by Petteri Lindbohm.
0:26 of 3rd period - Stopped by Jean-Francois Berube with a rebound.
0:28 of 3rd period - Slapshot by Peter Harrold.
0:28 of 3rd period - Shot Misses the Net.
0:30 of 3rd period - Slapshot by Peter Harrold.
0:30 of 3rd period - Shot Blocked by Colin Greening.
0:32 of 3rd period - Slapshot by Michael Bournival.
0:32 of 3rd period - Deflect By Jesse Blacker.
0:32 of 3rd period - Checkers goal is going for a video replay.
0:32 of 3rd period - The goal is good.
0:32 of 3rd period - Goal by Michael Bournival - Senators : 0 - Checkers : 2.
0:33 of 3rd period - Evan Trupp wins face-off versus Michael Latta in neutral zone.
0:51 of 3rd period - Icing by Peter Harrold.
0:52 of 3rd period - Michael Latta wins face-off versus Evan Trupp in Checkers zone.
1:19 of 3rd period - Wrist shot by Michael Latta.
1:19 of 3rd period - Stopped by Jean-Francois Berube with a rebound.
1:31 of 3rd period - Wrist shot by Michael Bournival.
1:31 of 3rd period - Shot Blocked by Jesse Blacker.
1:34 of 3rd period - Icing by Jesse Blacker.
1:35 of 3rd period - Michael Bournival wins face-off versus Evan Trupp in Senators zone.
2:25 of 3rd period - Minor Penalty to Aaron Ness for Holding.
2:26 of 3rd period - Ryan Craig wins face-off versus Mark Zengerle in Checkers zone.
2:50 of 3rd period - Wrist shot by Greg Nemisz.
2:50 of 3rd period - Deflect By Colin Greening.
2:50 of 3rd period - Shot Misses the Net.
2:50 of 3rd period - Puck is out of play.
2:51 of 3rd period - Mark Zengerle wins face-off versus Ryan Craig in Checkers zone.
2:51 of 3rd period - Mark Zengerle is hit by Greg Nemisz.
3:03 of 3rd period - Peter Harrold is hit by Greg Nemisz and loses puck.
3:24 of 3rd period - Peter Harrold is hit by Matt Finn and loses puck.
3:48 of 3rd period - Off-side.
3:49 of 3rd period - Ryan Craig wins face-off versus Jim O'Brien in neutral zone.
4:25 of 3rd period - Penalty to Aaron Ness is over, Aaron Ness is back on ice.
4:34 of 3rd period - Snap shot by Jim O'Brien.
4:34 of 3rd period - Deflect By Willie Coetzee.
4:34 of 3rd period - Shot Blocked by Jesse Blacker.
4:34 of 3rd period - Puck is out of play.
4:35 of 3rd period - Philip McRae wins face-off versus Michael Bournival in Senators zone.
4:48 of 3rd period - Slapshot by Emerson Etem.
4:48 of 3rd period - Goal by Emerson Etem - Senators : 1 - Checkers : 2.
4:49 of 3rd period - Ryan Craig wins face-off versus Michael Bournival in neutral zone.
5:19 of 3rd period - Snap shot by Michael Bournival.
5:19 of 3rd period - Deflect By Adam Cracknell.
5:19 of 3rd period - Stopped by Jean-Francois Berube without a rebound.
5:20 of 3rd period - Jim O'Brien wins face-off versus Philip McRae in Senators zone.
5:27 of 3rd period - Slapshot by Philip McRae.
5:27 of 3rd period - Stopped by Drew MacIntyre with a rebound.
5:33 of 3rd period - Snap shot by Jim O'Brien.
5:33 of 3rd period - Stopped by Jean-Francois Berube without a rebound.
5:34 of 3rd period - Philip McRae wins face-off versus Jim O'Brien in Senators zone.
5:56 of 3rd period - Wrist shot by Emerson Etem.
5:56 of 3rd period - Shot Blocked by Michael Sdao.
6:18 of 3rd period - Wrist shot by Tomas Vincour.
6:18 of 3rd period - Deflect By Michael Latta.
6:18 of 3rd period - Shot Misses the Net.
6:18 of 3rd period - Puck is out of play.
6:19 of 3rd period - Michael Latta wins face-off versus Ryan Craig in Senators zone.
6:28 of 3rd period - Snap shot by Tomas Vincour.
6:28 of 3rd period - Stopped by Jean-Francois Berube with a rebound.
6:34 of 3rd period - Wrist shot by Michael Latta.
6:34 of 3rd period - Shot Blocked by Griffin Reinhart.
6:36 of 3rd period - Slapshot by Tomas Vincour.
6:36 of 3rd period - Shot Misses the Net.
6:38 of 3rd period - Snap shot by Tomas Vincour.
6:38 of 3rd period - Shot Misses the Net.
6:40 of 3rd period - Wrist shot by Peter Harrold.
6:40 of 3rd period - Shot Blocked by Jesse Blacker.
7:49 of 3rd period - Jason Chimera is hit by Kenny Ryan and loses puck.
8:44 of 3rd period - Petteri Lindbohm is hit by Colin Greening and loses puck.
9:05 of 3rd period - Wrist shot by Cody Hodgson.
9:05 of 3rd period - Stopped by Drew MacIntyre with a rebound.
12:08 of 3rd period - Matt Finn is hit by Mark Zengerle and loses puck.
12:34 of 3rd period - Slapshot by Brandon Mashinter.
12:34 of 3rd period - Shot Misses the Net.
12:36 of 3rd period - Snap shot by Sean Backman.
12:36 of 3rd period - Deflect By Jim O'Brien.
12:36 of 3rd period - Shot Misses the Net.
12:36 of 3rd period - Puck is out of play.
12:37 of 3rd period - Philip McRae wins face-off versus Jim O'Brien in Senators zone.
13:21 of 3rd period - Tomas Vincour is hit by Jesse Blacker.
13:59 of 3rd period - Ryan Craig is hit by Willie Coetzee and loses puck.
14:31 of 3rd period - Icing by FARM PLAYER47.
14:32 of 3rd period - Jim O'Brien wins face-off versus Philip McRae in Senators zone.
14:41 of 3rd period - Snap shot by Jim O'Brien.
14:41 of 3rd period - Deflect By Sean Backman.
14:41 of 3rd period - Stopped by Jean-Francois Berube with a rebound.
14:55 of 3rd period - Michael Sdao is hit by Cody Hodgson and loses puck.
15:04 of 3rd period - Slapshot by Colin Greening.
15:04 of 3rd period - Shot Misses the Net.
15:29 of 3rd period - Wrist shot by Greg Nemisz.
15:29 of 3rd period - Stopped by Drew MacIntyre with a rebound.
16:46 of 3rd period - Wrist shot by Jason Chimera.
16:46 of 3rd period - Shot Misses the Net.
16:48 of 3rd period - Wrist shot by Michael Bournival.
16:48 of 3rd period - Stopped by Jean-Francois Berube with a rebound.
16:50 of 3rd period - Wrist shot by Jason Chimera.
16:50 of 3rd period - Stopped by Jean-Francois Berube with a rebound.
16:52 of 3rd period - Wrist shot by Michael Bournival.
16:52 of 3rd period - Stopped by Jean-Francois Berube with a rebound.
16:54 of 3rd period - Slapshot by Adam Cracknell.
16:54 of 3rd period - Stopped by Jean-Francois Berube with a rebound.
17:06 of 3rd period - Snap shot by Jim O'Brien.
17:06 of 3rd period - Shot Blocked by Matt Finn.
17:08 of 3rd period - Snap shot by Sean Backman.
17:08 of 3rd period - Shot Blocked by Tom Nilsson.
17:40 of 3rd period - Slapshot by Tomas Vincour.
17:40 of 3rd period - Stopped by Jean-Francois Berube without a rebound.
17:41 of 3rd period - Michael Latta wins face-off versus Ryan Craig in Senators zone.
17:42 of 3rd period - Slapshot by Andrew Gordon.
17:42 of 3rd period - Shot Misses the Net.
19:18 of 3rd period - Wrist shot by Jason Chimera.
19:18 of 3rd period - Stopped by Jean-Francois Berube without a rebound.
19:19 of 3rd period - Sheldon Keefe call a timeout for Senators.
19:19 of 3rd period - Ryan Craig wins face-off versus Michael Latta in Senators zone.
19:32 of 3rd period - Senators, Jean-Francois Berube is pulled from the net.
19:36 of 3rd period - Wrist shot by Greg Nemisz.
19:36 of 3rd period - Shot Blocked by Peter Harrold.
19:42 of 3rd period - Wrist shot by Greg Nemisz.
19:42 of 3rd period - Shot Misses the Net.
19:44 of 3rd period - Snap shot by Greg Nemisz.
19:44 of 3rd period - Shot Hit the Post.
19:46 of 3rd period - Wrist shot by Greg Nemisz.
19:46 of 3rd period - Shot Misses the Net.
19:48 of 3rd period - Wrist shot by Ryan Craig.
19:48 of 3rd period - Shot Misses the Net.
19:50 of 3rd period - Wrist shot by Ryan Craig.
19:50 of 3rd period - Shot Blocked by Adam Cracknell.
Goals for this period are 1 for Senators vs 1 for Checkers.
Shots for this period are 4 for Senators vs 15 for Checkers.